 Dungeon Crawl Stone Soup version 0.17-a0-1655-g88a8506 (webtiles) character file.

24231 karlkraus the Blocker (level 12, -6/110 HPs)
             Began as a Minotaur Fighter on Aug 16, 2015.
             Was the Champion of Makhleb.
             Engulfed by a cloud of freezing vapour (19 damage)
             ... in an ice cave.
             The game lasted 00:27:10 (9972 turns).

karlkraus the Blocker (Minotaur Fighter)            Turns: 9972, Time: 00:27:10

Health: -6/110     AC: 22    Str: 22    XL:     12   Next: 78%
Magic:  11/11      EV: 10    Int:  5    God:    Makhleb [******]
Gold:   834        SH: 14    Dex: 16    Spells: 0 memorised, 11 levels left

rFire  . . .     SeeInvis .     f - +8 morningstar (drain)
rCold  . . .     Clarity  .     l - +0 plate armour
rNeg   . . .     SustAt   .     c - +0 shield
rPois  +         Gourm    .     (helmet restricted)
rElec  .         Spirit   .     v - +0 cloak
rCorr  .         Warding  .     (no gloves)
rMut   .         Stasis   .     x - +0 pair of boots
MR     .....                    j - amulet of rage
Stlth  ..........               u - ring of stealth
                                r - ring of poison resistance

@: not resistant to hostile enchantments, extremely unstealthy
A: retaliatory headbutt, horns 2, iridescent scales 1, thin skeletal structure
1, spit poison 1
a: Spit Poison, Minor Destruction, Lesser Servant of Makhleb, Major Destruction,
Greater Servant of Makhleb, Renounce Religion, Evoke Berserk Rage


You were in an ice cave.
You worshipped Makhleb.
Makhleb was exalted by your worship.
You were not hungry.

You visited 3 branches of the dungeon, and saw 14 of its levels.
You also visited: Ice Cave.

You collected 834 gold pieces.

Inventory:

Hand weapons
 f - a +8 morningstar of draining (weapon)
 H - a +1 flail of crushing
Armour
 c - a +0 shield (worn)
 l - a +0 plate armour (worn)
 v - a +0 cloak (worn)
 x - a +0 pair of boots (worn)
Jewellery
 j - an amulet of rage (around neck)
 p - an uncursed ring of protection from fire {unknown}
 r - a ring of poison resistance (left hand)
 u - a ring of stealth (right hand)
 z - a cursed +2 ring of evasion {unknown}
 M - an uncursed ring of ice {unknown}
Scrolls
 b - 3 scrolls of fog
 g - 5 scrolls of remove curse
 h - 8 scrolls of identify
 q - 3 scrolls of immolation
 y - a scroll of magic mapping
 A - 3 scrolls of teleportation
 E - a scroll of recharging {unknown}
Potions
 a - a potion of agility
 d - a potion of might
 i - a potion of brilliance
 n - a potion of lignification {unknown}
 o - a potion of cancellation
 s - 4 potions of curing
 w - a potion of heal wounds
 B - a potion of resistance
 C - a potion of flight
 D - 3 potions of berserk rage
 G - a potion of ambrosia {unknown}
Books
 K - a Fen Folio

   Spells                             Type                      Level
   a - Corpse Rot                     Necromancy                   2
   b - Stone Arrow                    Conjuration/Earth            3
   c - Leda's Liquefaction            Hexes/Earth                  4
   d - Summon Forest                  Summoning/Translocation      5
   e - Hydra Form                     Transmutation                6
   f - Summon Hydra                   Summoning                    7
 N - a book of Ice

   Spells                             Type                      Level
   a - Ice Form                       Ice/Transmutation            4
   b - Metabolic Englaciation         Hexes/Ice                    5
   c - Ozocubu's Refrigeration        Ice                          6
   d - Bolt of Cold                   Conjuration/Ice              6
   e - Freezing Cloud                 Conjuration/Ice/Air          6
   f - Simulacrum                     Ice/Necromancy               6
 O - the Catalogue of the Glacier
   (You found it in an ice cave)

   Spells                             Type                      Level
   a - Ozocubu's Armour               Charms/Ice                   3
   b - Throw Icicle                   Conjuration/Ice              4
   c - Simulacrum                     Ice/Necromancy               6
   d - Ozocubu's Refrigeration        Ice                          6
Miscellaneous
 J - a lamp of fire
Comestibles
 e - 11 bread rations
 k - 8 meat rations
 m - 2 royal jellies
 t - a beef jerky
 F - a slice of pizza
 I - 15 chunks of flesh
 L - 16 fruits


   Skills:
 + Level 11.6 Fighting
 + Level 13.3 Maces & Flails
 + Level 11.6 Armour
 + Level 5.5 Dodging
 + Level 0.8 Stealth
 + Level 14.3 Shields


You had 11 spell levels left.
You didn't know any spells.

Dungeon Overview and Level Annotations

Branches:
Dungeon (11/15)            Temple (1/1) D:6            Lair (2/8) D:11
    Orc: D:9-12

Altars:
Ashenzari
Cheibriados
Dithmenos
Elyvilon
Fedhas
Gozag
Kikubaaqudgha
Makhleb
Nemelex Xobeh
Okawaru
Qazlal
Ru
Sif Muna
Trog
Vehumet
Xom
Yredelemnul
Zin
The Shining One


Innate Abilities, Weirdness & Mutations

You reflexively headbutt those who attack you in melee.
You have a pair of horns on your head.
You are partially covered in iridescent scales (AC +4).
You have a somewhat thin skeletal structure (Dex +2, Stealth).
You can spit weak poison.


Message History

Found 25 arrows of frost.
N - a book of Ice
O - the Catalogue of the Glacier You see here an arbalest of freezing.
Found an ice covered gate leading back out of this place.
You feel a little less mighty now.
You are engulfed in freezing vapours.
You are engulfed in freezing vapours.
There is an ice covered gate leading back out of this place here.
You're standing in a cloud of freezing vapour!
You are engulfed in freezing vapours.
You are engulfed in freezing vapours.
You are engulfed in freezing vapours.
You are engulfed in freezing vapours.
You feel a little less agile now.
You are engulfed in freezing vapours.
You are engulfed in freezing vapours.
* * * LOW HITPOINT WARNING * * *
You are engulfed in freezing vapours.
You die...

##.#§## #..§.#
### ##.#§# #∩#
###§## ##.#
##.# #§§# ##§#
#§§# #..# #§##
#.## #§@##
#.## ##§.#
##.# #.§# ##.#
##.## ##)†#
####..###..##
##)#.#..#...#
##.#)##.....##
#(#.#.##....#
##.#)####..##


There were no monsters in sight!

Vanquished Creatures
  A frost giant (IceCv)
  Erolcha (D:9)
  Erica (D:9)
  A hydra (Lair:1)
  2 death yaks (IceCv)
  The ghost of karlkraus the Blocker, an experienced MiFi of Makhleb (D:11)
  The ghost of asdu the Cleaver, an experienced VSGl of Cheibriados (D:9)
  A cyclops (D:11)
  A spiny frog (Lair:2)
  A tengu conjurer (D:10)
  A troll (D:10)
  2 komodo dragons (Lair:2)
  14 polar bears (IceCv)
  A wraith (D:10)
  A deep elf mage (D:10)
  44 yaks
  A spriggan (Lair:1)
  A deep elf fighter (D:11)
  2 hippogriffs
  A steam dragon (D:8)
  12 wolves (IceCv)
  Edmund (D:6)
  2 water moccasins
  4 sky beasts
  4 ice beasts
  10 ogres
  4 centaurs
  5 crocodiles
  2 orc warriors
  2 big kobolds (D:10)
  8 giant frogs
  3 scorpions
  A water moccasin skeleton (D:9)
  A vampire bat (D:4)
  6 killer bees (D:9)
  A centaur zombie (D:5)
  3 crimson imps
  2 hounds
  2 quasits
  3 centaur skeletons
  An orc priest (D:8)
  7 iguanas
  A jelly (D:5)
  3 giant frog skeletons
  6 orc wizards (D:9)
  Jessica (D:2)
  8 worker ants
  2 killer bee zombies
  2 hound skeletons
  Robin (D:3)
  25 river rats
  10 adders
  A shadow imp (D:10)
  3 oozes
  An adder skeleton (D:4)
  A worm (D:4)
  4 giant geckos
  31 orcs
  2 spectral bats (D:4)
  3 bat skeletons (D:4)
  A bat zombie (D:4)
  3 fire bats (D:4)
  2 gnoll zombies (D:8)
  12 goblins
  7 hobgoblins
  6 jackals
  8 quokkas
  3 ball pythons
  20 bats
  A bat simulacrum (D:4)
  5 giant cockroaches
  A giant cockroach zombie (D:5)
  A giant gecko zombie (D:6)
  4 giant newts
  2 jackal skeletons (D:4)
  15 kobolds
  A quokka skeleton (D:9)
  14 rats
374 creatures vanquished.

Vanquished Creatures (others)
  A goblin (D:3)
  A plant (D:11)
2 creatures vanquished.

Grand Total: 376 creatures vanquished

Notes
Turn   | Place    | Note
--------------------------------------------------------------
     0 | D:1      | karlkraus the Minotaur Fighter began the quest for the Orb.
     0 | D:1      | Reached XP level 1. HP: 19/19 MP: 0/0
   117 | D:1      | Reached skill level 4 in Shields
   177 | D:1      | Reached XP level 2. HP: 25/27 MP: 1/1
   793 | D:2      | Reached XP level 3. HP: 33/33 MP: 2/2
   865 | D:2      | Noticed Jessica
   872 | D:2      | Killed Jessica
   880 | D:2      | Reached skill level 1 in Dodging
   894 | D:2      | Identified Jessica's Tome of Malediction
   939 | D:2      | Found a faded altar to an unknown god.
  1325 | D:3      | Reached XP level 4. HP: 40/40 MP: 3/3
  1430 | D:3      | Found a radiant altar of Vehumet.
  1430 | D:3      | Found a sacrificial altar of Ru.
  1450 | D:3      | Noticed Robin
  1463 | D:3      | Killed Robin
  1583 | D:3      | Reached XP level 5. HP: 45/47 MP: 4/4
  1999 | D:3      | Noticed a centaur
  2011 | D:3      | Killed a centaur
  2011 | D:3      | Reached skill level 5 in Armour
  2011 | D:3      | Reached skill level 5 in Shields
  2029 | D:3      | Noticed a scorpion
  2044 | D:3      | Killed a scorpion
  2044 | D:3      | Reached XP level 6. HP: 18/53 MP: 5/5
  2147 | D:4      | Reached skill level 5 in Fighting
  2201 | D:4      | Reached skill level 6 in Shields
  2537 | D:4      | Reached XP level 7. HP: 26/61 MP: 6/6
  2601 | D:4      | You fall through a shaft!
  2601 | D:5      | Entered Level 5 of the Dungeon
  2954 | D:4      | Reached skill level 7 in Shields
  2990 | D:4      | Reached skill level 5 in Maces & Flails
  3158 | D:4      | Reached XP level 8. HP: 29/70 MP: 7/7
  4134 | D:6      | Noticed Edmund
  4142 | D:6      | Killed Edmund
  4171 | D:6      | Found a snail-covered altar of Cheibriados.
  4589 | D:6      | Reached skill level 8 in Shields
  4770 | D:6      | Found a staircase to the Ecumenical Temple.
  4824 | Temple   | Entered the Ecumenical Temple
  5110 | D:7      | Found a burning altar of Makhleb.
  5115 | D:7      | Reached XP level 9. HP: 67/79 MP: 8/8
  5126 | D:7      | Became a worshipper of Makhleb the Destroyer
  5135 | D:7      | Found a glowing golden altar of the Shining One.
  5138 | D:7      | Found a stormy altar of Qazlal.
  5141 | D:7      | Found an opulent altar of Gozag.
  5182 | D:7      | You fall through a shaft for 3 floors!
  5182 | D:10     | Entered Level 10 of the Dungeon
  5240 | D:9      | Noticed asdu's ghost (experienced VSGl)
  5252 | D:9      | Killed asdu's ghost
  5260 | D:9      | Reached skill level 9 in Shields
  5327 | D:7      | Found a bloodstained altar of Trog.
  5328 | D:7      | Found an iron altar of Okawaru.
  5388 | D:7      | Found a shimmering altar of Xom.
  5913 | D:8      | Gained mutation: You are partially covered in iridescent scales (AC +4). [mutagenic meat]
  5914 | D:8      | Gained mutation: You have a somewhat thin skeletal structure (Dex +2, Stealth). [mutagenic meat]
  5915 | D:8      | Gained mutation: You can spit weak poison. [mutagenic meat]
  5927 | D:8      | Found a basalt altar of Yredelemnul.
  6070 | D:8      | Acquired Makhleb's first power
  6441 | D:9      | Reached skill level 10 in Shields
  6443 | D:9      | Reached XP level 10. HP: 90/90 MP: 9/9
  6544 | D:9      | Acquired Makhleb's second power
  6634 | D:9      | Noticed Erica
  6664 | D:9      | Killed Erica
  6788 | D:9      | Reached skill level 11 in Shields
  6932 | D:9      | Noticed Erolcha
  6935 | D:9      | Found a deep blue altar of Sif Muna.
  6964 | D:9      | Killed Erolcha
  6964 | D:9      | Reached skill level 10 in Maces & Flails
  7440 | D:10     | Reached skill level 10 in Armour
  7508 | D:10     | Reached XP level 11. HP: 97/97 MP: 10/10
  7509 | D:10     | Acquired Makhleb's third power
  7871 | D:10     | Noticed a tengu conjurer
  7882 | D:10     | Killed a tengu conjurer
  7882 | D:10     | Reached skill level 12 in Shields
  8085 | D:11     | Noticed karlkraus's ghost (experienced MiFi)
  8098 | D:11     | Killed karlkraus's ghost
  8127 | D:11     | Acquired Makhleb's fourth power
  8139 | D:11     | Reached skill level 10 in Fighting
  8380 | D:11     | Found a staircase to the Lair.
  8406 | Lair:1   | Entered Level 1 of the Lair of Beasts
  8602 | Lair:1   | Acquired Makhleb's fifth power
  8622 | Lair:1   | Noticed a five-headed hydra
  8627 | Lair:1   | Killed a five-headed hydra
  9271 | Lair:2   | Reached skill level 13 in Shields
  9561 | Lair:2   | Found a frozen archway.
  9570 | IceCv    | Entered an ice cave
  9586 | IceCv    | Reached XP level 12. HP: 108/108 MP: 11/11
  9685 | IceCv    | Noticed a death yak
  9694 | IceCv    | Killed a death yak
  9758 | IceCv    | Reached skill level 5 in Dodging
  9888 | IceCv    | Noticed a death yak
  9888 | IceCv    | Noticed a frost giant
  9909 | IceCv    | Killed a death yak
  9909 | IceCv    | Reached skill level 14 in Shields
  9913 | IceCv    | Killed a frost giant
  9952 | IceCv    | Identified the Catalogue of the Glacier
  9972 | IceCv    | Engulfed by a cloud of freezing vapour

Vault maps used:
D:1:      dpeg_arrival_round_c, minmay_misc_feat_cross
D:2:      first_bread, ecumenical_altar_1, kennysheep_jessica_study
D:3:      gammafunk_temple_overflow_wave, uniq_robin
D:4:      goddamned_bats
D:5:      kennysheep_generic_room_4
D:6:      nicolae_overflow_crystal_walls, temple_hall, minmay_bad_closet,
          uniq_edmund
D:7:      lemuel_doored_altar, grunt_temple_overflow_cloverleaf,
          grunt_temple_overflow_bloody_war
D:8:      lemuel_zombie_altar_yredelemnul
D:9:      kennysheep_orc_sif_temple, uniq_erolcha, uniq_erica
D:10:     grunt_tengu_nest
D:11:     grunt_lair_entry_elf_guard_hut
Temple:   temple_eino_lava_8
Lair:1:   grunt_forest_large_clearing_hut
Lair:2:   portal_ice_cave_entry_pillars_02, bh_autumn_forest_stairs
IceCv:    ice_cave_caverns_03

Action                   |  1- 3 |  4- 6 |  7- 9 | 10-12 || total
-------------------------+-------+-------+-------+-------++-------
Melee: Flail             |    75 |   182 |   180 |       ||   437
       Morningstar       |       |       |   114 |   578 ||   692
  Use: Scroll            |       |       |    13 |    15 ||    28
       Potion            |       |       |     1 |     3 ||     4
  Eat: Chunk             |       |     5 |    14 |    13 ||    32
       Pizza             |       |       |     1 |       ||     1
